 Dungeon Crawl Stone Soup version 0.22.1-2-g9c5b331 (webtiles) character file.

64607 Fang the Severer (level 15, -4/99 HPs)
             Began as a Gargoyle Berserker on Nov 14, 2018.
             Was a High Priest of Trog.
             Killed by divine providence
             ... invoked by an orc priest
              (10 damage)
             ... on level 12 of the Dungeon on Nov 15, 2018.
             The game lasted 00:29:56 (19166 turns).

Fang the Severer (Gargoyle Berserker)              Turns: 19166, Time: 00:29:57

Health: -4/99      AC: 39    Str: 26    XL:     15   Next: 13%
Magic:  15/15      EV:  9    Int:  7    God:    Trog [*****.]
Gold:   2366       SH:  0    Dex:  9    Spells: 14/14 levels left

rFire    . . .     SeeInvis +   y - +8 broad axe of Trog's Supremacy {chop, +Blink rC++ rN+ Str-3 Stlth+}
rCold    + + .     Gourm    .   (no shield)
rNeg     + + +     Faith    .   D - +2 plate armour
rPois    ∞         Spirit   .   r - +2 helmet {SInv}
rElec    +         Reflect  .   m - +1 cloak
rCorr    .         Harm     .   (no gloves)
MR       ++...                  t - +2 pair of boots
Stlth    ..........             (no amulet)
HPRegen  0.26/turn              k - +5 ring of strength
MPRegen  0.14/turn              q - ring of positive energy

@: berserk cooldown, flying, slowed, very slow
A: big wings, dopey 1, magic resistance 1, negative energy resistance 1, shaggy
fur 1, electricity resistance, weak 1, unbreathing, petrification resistance,
rot immunity, AC +11
a: Stop Flying, Berserk, Trog's Hand, Brothers in Arms, Renounce Religion, Evoke
Blink


You were on level 12 of the Dungeon.
You worshipped Trog.
Trog was extremely pleased with you.
You were hungry.

You visited 4 branches of the dungeon, and saw 20 of its levels.
You also visited: Ossuary.

You collected 2366 gold pieces.

Inventory:

Hand Weapons
 l - a +4 war axe of draining
 y - the +8 broad axe of Trog's Supremacy (weapon) {chop, +Blink rC++ rN+ Str-3 Stlth+}
   (Trog gifted it to you on level 6 of the Lair of Beasts)

   It inflicts extra damage upon your enemies.
   It affects your strength (-3).
   It greatly protects you from cold.
   It protects you from negative energy.
   It lets you blink.
   It makes you more stealthy.
 A - a +9 executioner's axe of chopping
Armour
 m - a +1 cloak (worn)
 r - a +2 helmet of see invisible (worn)
 t - a +2 pair of boots (worn)
 D - a +2 plate armour (worn)
Jewellery
 k - a +5 ring of strength (left hand)
 q - a ring of positive energy (right hand)
Wands
 b - a wand of enslavement (7)
 n - a wand of disintegration (12)
 s - a wand of paralysis (35)
 z - a wand of iceblast (29)
 C - a wand of polymorph (47)
Scrolls
 a - 8 scrolls of remove curse
 e - 12 scrolls of teleportation
 f - 2 scrolls of blinking
 g - 8 scrolls of identify
 h - a scroll of holy word
 i - 4 scrolls of magic mapping
 H - a scroll of fear
Potions
 d - 8 potions of curing
 j - 2 potions of cancellation
 o - 2 potions of magic
 p - 2 potions of heal wounds
 u - 2 potions of berserk rage
 v - 2 potions of ambrosia
 w - 4 potions of lignification
 x - 5 potions of might
 B - a potion of agility
 E - 3 potions of invisibility
 F - 3 potions of haste
Comestibles
 c - 46 rations


   Skills:
 + Level 13.4 Fighting
 + Level 17.4 Axes
 + Level 12.4 Armour
 + Level 3.3 Dodging
 + Level 3.7 Stealth
 + Level 0.3 Evocations


You had 14 spell levels left.
You didn't know any spells.
Your spell library was empty.

Dungeon Overview and Level Annotations

Branches:
Dungeon (12/15)            Temple (1/1) D:7            Lair (6/6) D:10
  Swamp (0/4) Lair:4        Snake (0/4) Lair:3        Slime (1/5) Lair:5
    Orc (0/2) D:9

Altars:
Ashenzari
Dithmenos
Elyvilon
Kikubaaqudgha
Nemelex Xobeh
Qazlal
Ru
Uskayaw
Xom
Yredelemnul
The Shining One
Beogh
Jiyva

Shops:
D:11 ?


Innate Abilities, Weirdness & Mutations

You are resistant to torment.
Your stone body is resilient. (AC +11)
You are immune to poison.
Your large and strong wings let you fly indefinitely.
You resist negative energy. (rN+)
You are resistant to electric shocks. (rElec)
You can survive without breathing.
You are immune to petrification.
You are immune to rotting.
You are dopey. (Int -2)
You are resistant to hostile enchantments. (MR+)
You are covered in fur. (AC +1)
You are weak. (Str -2)


Message History

Beogh smites you!
* * * LOW HITPOINT WARNING * * *
You slash the worker ant!
You kill the worker ant!
Trog accepts your kill.
Unknown command.
You slash the orc priest!
The orc priest is heavily wounded.
The orc priest closely misses you.
You slice the orc priest!!
You kill the orc priest!
Trog accepts your kill.
Unknown command.
Unknown command.
You hit the orc priest.
The orc priest is moderately wounded.
The orc priest barely misses you.
The orc priest calls down the wrath of Beogh upon you.
Beogh smites you!
You die...

...............#......#
......._.......#......#
...............#......#
#.............###...###
#.............# ##'## #
###...........####..[####
..###...o)§.###........##
...)# #o####..........##
..... ##@##............##
......#...#))).........##
......#..(#()..........##
......'..('))..........##
.....#)..#............##
.....#(..#............##
#### #.))###############
#.).# # ##)## #


You could see 2 orc priests.

Vanquished Creatures
  An orc warlord (D:12)
  Nessos (Lair:6)
  A dire elephant (Lair:6)
  Snorg (Lair:6)
  An ogre mage (D:11)
  A fire dragon (D:11)
  7 hydras
  A catoblepas (Lair:6)
  2 two-headed ogres (D:12)
  A deep troll shaman (Lair:6)
  5 death yaks (Lair:6)
  An orc high priest (D:12)
  An unseen horror (D:11)
  2 swamp dragons (Lair:4)
  An orc sorcerer (D:12)
  3 ugly things
  3 cyclopes
  10 elephants
  3 black mambas
  A guardian serpent (shapeshifter) (D:11)
  22 spiny frogs
  A gargoyle (D:11)
  2 rime drakes
  7 komodo dragons
  A queen bee (D:11)
  3 polar bears
  3 trolls
  Grinder (D:4)
  10 blink frogs
  3 slime creatures (Lair:4)
  2 meliai zombies
  12 hippogriffs
  10 dream sheep (Lair:6)
  A centaur simulacrum (D:11)
  A spriggan (Lair:3)
  5 basilisks
  30 yaks
  A wyvern (D:10)
  2 vampire mosquitoes
  2 steam dragons
  2 nagas
  2 swamp worms (Lair:4)
  10 water moccasins
  6 porcupines
  3 acid dragons
  A swamp drake (Lair:4)
  15 orc warriors
  3 sky beasts
  2 phantoms
  3 ice beasts
  6 ogres
  An eye of draining (D:10)
  A boggart (D:11)
  2 black bears (Lair:6)
  18 wolves
  11 centaurs
  6 necrophages
  12 crocodiles
  Blork the orc (D:4)
  4 elf zombies (Ossuary)
  A big kobold (D:8)
  11 bullfrogs
  A water moccasin skeleton (D:4)
  4 scorpions
  15 killer bees
  20 wights
  A howler monkey (D:6)
  7 centaur zombies
  5 crimson imps
  A bullfrog skeleton (D:12)
  A gnoll shaman (D:9)
  9 hounds
  4 human zombies (Ossuary)
  8 orc priests
  3 jellies
  Jessica (D:3)
  3 centaur skeletons
  Ijyb (D:4)
  Terence (D:2)
  7 hell rats (Lair:4)
  2 iguanas (D:12)
  12 worker ants
  12 orc wizards
  3 mummies (Ossuary)
  A hound skeleton (D:7)
  A howler monkey zombie (D:7)
  11 gnolls
  9 adders
  3 shadow imps
  An ooze (D:2)
  An adder skeleton (D:5)
  3 worms
  3 dart slugs
  3 leopard geckos
  32 orcs
  3 giant cockroaches
  4 goblins
  7 hobgoblins
  4 jackals
  15 kobolds
  9 quokkas
  A ball python (D:1)
  4 bats
  A frilled lizard (D:2)
  2 leopard gecko skeletons
  A leopard gecko zombie (D:6)
  A quokka skeleton (D:6)
  A quokka zombie (D:5)
  5 rats
  2 fungi
  6 plants
542 creatures vanquished.

Vanquished Creatures (collateral kills)
  A death yak (Lair:5)
  An orc knight (D:12)
  A black mamba (Lair:4)
  A spiny frog (Lair:1)
  A hippogriff (Lair:1)
  A basilisk (Lair:1)
  A water moccasin (Lair:1)
  3 wights (D:12)
10 creatures vanquished.

Vanquished Creatures (others)
  An orc wizard (D:12)
  5 fungi
  2 plants (Lair:3)
8 creatures vanquished.

Grand Total: 560 creatures vanquished

Notes
Turn   | Place    | Note
-------+----------+-------------------------------------------
     0 | D:1      | Fang the Gargoyle Berserker began the quest for the Orb.
     0 | D:1      | Reached XP level 1. HP: 14/14 MP: 1/1
   121 | D:1      | Reached XP level 2. HP: 14/19 MP: 2/2
   195 | D:1      | Reached skill level 3 in Axes
   280 | D:1      | Reached XP level 3. HP: 24/24 MP: 3/3
   440 | D:2      | Found a shadowy altar of Dithmenos.
   485 | D:2      | Reached ** piety under Trog
   649 | D:2      | Noticed Terence
   670 | D:2      | Killed Terence
   670 | D:2      | Reached XP level 4. HP: 23/29 MP: 4/4
  1013 | D:3      | Noticed Jessica
  1016 | D:3      | Killed Jessica
  1016 | D:3      | Reached XP level 5. HP: 33/33 MP: 5/5
  1133 | D:3      | Found a shattered altar of Ashenzari.
  1249 | D:3      | Reached skill level 4 in Axes
  1846 | D:4      | Reached XP level 6. HP: 39/39 MP: 6/6
  2091 | D:4      | Noticed Ijyb
  2097 | D:4      | Reached skill level 5 in Axes
  2098 | D:4      | Paralysed by Ijyb for 4 turns
  2103 | D:4      | Killed Ijyb
  2332 | D:4      | Reached XP level 7. HP: 44/44 MP: 7/7
  2334 | D:4      | Found a basalt altar of Yredelemnul.
  2350 | D:4      | Noticed Blork the orc
  2360 | D:4      | Killed Blork the orc
  2471 | D:4      | Noticed Grinder
  2489 | D:4      | Paralysed by Grinder for 7 turns
  2515 | D:4      | Paralysed by Grinder for 2 turns
  2523 | D:4      | Killed Grinder
  2523 | D:4      | Reached skill level 6 in Axes
  2637 | D:5      | Entered Level 5 of the Dungeon
  2683 | D:5      | Found a sand-covered staircase.
  2692 | Ossuary  | Entered an ossuary
  2750 | Ossuary  | Reached skill level 5 in Fighting
  2754 | Ossuary  | Reached skill level 5 in Armour
  2754 | Ossuary  | Reached XP level 8. HP: 17/49 MP: 8/8
  2989 | Ossuary  | Reached skill level 7 in Axes
  3032 | Ossuary  | Reached *** piety under Trog
  3178 | D:5      | Found a white marble altar of Elyvilon.
  3237 | D:5      | Found a shimmering altar of Xom.
  3247 | D:5      | Found a shimmering altar of Xom.
  3248 | D:5      | Found a shimmering altar of Xom.
  3248 | D:5      | Found a shimmering altar of Xom.
  3248 | D:5      | Found a shimmering altar of Xom.
  3274 | D:5      | Found a basalt altar of Yredelemnul.
  3452 | D:5      | Reached skill level 8 in Axes
  3640 | D:6      | Gained mutation: Your magical capacity is low. (-10% MP)
                  | [potion of mutation]
  3640 | D:6      | Gained mutation: You are weak. (Str -2) [potion of
                  | mutation]
  3640 | D:6      | Gained mutation: You are dopey. (Int -2) [potion of
                  | mutation]
  3640 | D:6      | Gained mutation: You are covered in fur. (AC +1) [potion of
                  | mutation]
  3689 | D:6      | Reached XP level 9. HP: 48/55 MP: 8/8
  3732 | D:6      | Found a sacrificial altar of Ru.
  4624 | D:7      | Found a staircase to the Ecumenical Temple.
  4703 | D:7      | Reached skill level 9 in Axes
  4722 | Temple   | Entered the Ecumenical Temple
  4823 | D:7      | Reached **** piety under Trog
  5297 | D:7      | Found a glowing golden altar of the Shining One.
  5899 | D:8      | Reached XP level 10. HP: 38/63 MP: 9/9
  5899 | D:8      | Reached skill level 10 in Axes
  6803 | D:9      | Received a gift from Trog
  7020 | D:9      | Reached skill level 11 in Axes
  7101 | D:9      | Reached ***** piety under Trog
  7278 | D:9      | Found a staircase to the Orcish Mines.
  7356 | D:9      | Found a faded altar of an unknown god.
  7356 | D:9      | Found a sparkling altar of Nemelex Xobeh.
  7361 | D:9      | Found a hide-covered altar of Uskayaw.
  7363 | D:9      | Found a stormy altar of Qazlal.
  7365 | D:9      | Found a faded altar of an unknown god.
  7596 | D:10     | Entered Level 10 of the Dungeon
  7626 | D:10     | Reached XP level 11. HP: 69/69 MP: 9/9
  7716 | D:10     | Received a gift from Trog
  7724 | D:10     | Reached skill level 1 in Stealth
  7922 | D:10     | Reached skill level 12 in Axes
  8096 | D:10     | Found a staircase to the Lair.
  8722 | Lair:1   | Entered Level 1 of the Lair of Beasts
  8782 | Lair:1   | Noticed a five-headed hydra
  8788 | Lair:1   | Killed a seven-headed hydra
  9343 | Lair:1   | Reached skill level 10 in Fighting
  9533 | Lair:1   | Reached skill level 13 in Axes
  9954 | Lair:2   | Reached XP level 12. HP: 77/77 MP: 10/10
 11236 | Lair:3   | Found a dark tunnel.
 11417 | Lair:3   | Reached skill level 10 in Armour
 11593 | Lair:3   | Found a staircase to the Snake Pit.
 12028 | Lair:4   | Noticed a four-headed hydra
 12031 | Lair:4   | Reached skill level 14 in Axes
 12040 | Lair:4   | Killed an eight-headed hydra
 12533 | Lair:4   | Noticed a six-headed hydra
 12537 | Lair:4   | Killed a seven-headed hydra
 12542 | Lair:4   | Reached XP level 13. HP: 84/84 MP: 11/11
 12940 | Lair:4   | Found a staircase to the Swamp.
 13570 | Lair:5   | Found a viscous altar of Jiyva.
 13820 | Lair:5   | Found a staircase to the Slime Pits.
 14222 | Lair:5   | Lost mutation: Your magical capacity is low. (-10% MP)
                  | [potion of mutation]
 14222 | Lair:5   | Gained mutation: Your large and strong wings let you fly
                  | indefinitely. [potion of mutation]
 14222 | Lair:5   | Gained mutation: You are resistant to hostile enchantments.
                  | (MR+) [potion of mutation]
 14417 | Lair:5   | Received a gift from Trog
 14417 | Lair:5   | Reached skill level 15 in Axes
 14933 | Slime:1  | Entered Level 1 of the Pits of Slime
 14970 | Lair:6   | Entered Level 6 of the Lair of Beasts
 14970 | Lair:6   | Noticed Snorg
 14984 | Lair:6   | Killed Snorg
 15521 | Lair:6   | Received a gift from Trog
 15524 | Lair:6   | Got an ichor-stained broad axe {god gift}
 15525 | Lair:6   | Identified the +8 broad axe of Trog's Supremacy {chop,
                  | +Blink rC++ rN+ Str-3 Stlth+} (Trog gifted it to you on
                  | level 6 of the Lair of Beasts)
 15802 | Lair:6   | Noticed Nessos
 15816 | Lair:6   | Killed Nessos
 15878 | Lair:6   | Mutation became permanent: Your large and strong wings let
                  | you fly indefinitely. [Gargoyle growth]
 15878 | Lair:6   | Gained mutation: Your large and strong wings let you fly
                  | indefinitely. [Gargoyle growth]
 15878 | Lair:6   | Reached XP level 14. HP: 88/92 MP: 14/14
 15907 | Lair:6   | Reached skill level 16 in Axes
 16280 | Lair:6   | Noticed a dire elephant
 16291 | Lair:6   | Killed a dire elephant
 17353 | D:11     | Received a gift from Trog
 17574 | D:11     | Found Nyruqip's Magic Scroll Shop.
 17976 | D:12     | Reached skill level 17 in Axes
 18078 | D:12     | Found an ancient bone altar of Kikubaaqudgha.
 18582 | D:12     | Noticed an orc warlord
 18603 | D:12     | Killed an orc warlord
 18603 | D:12     | Reached XP level 15. HP: 80/99 MP: 15/15
 18652 | D:12     | HP: 2/99 [acid (15)]
 19143 | D:12     | Found a roughly hewn altar of Beogh.
 19162 | D:12     | HP: 4/99 [orc priest/divine providence (12)]
 19166 | D:12     | Killed from afar by an orc priest

Skill      XL: |  1  2  3  4  5  6  7  8  9 10 11 12 13 14 |
---------------+-------------------------------------------+-----
Axes           | 3 4 5 6 8 9 11 13 14 15 17 | 17.4
Dodging        | 2 3 |  3.3
Armour         | 3 4 5 6 8 9 10 11 12 | 12.4
Fighting       | 4 5 6 7 8 10 11 12 13 | 13.4
Stealth        | 1 2 3 |  3.7
Evocations     | |  0.3

Action                   |  1- 3 |  4- 6 |  7- 9 | 10-12 | 13-15 || total
-------------------------+-------+-------+-------+-------+-------++-------
Melee: Hand axe          |    71 |       |       |       |       ||    71
       War axe           |    38 |    89 |   286 |   156 |       ||   569
       Executioner's axe |       |       |       |   241 |   138 ||   379
       Broad axe         |       |       |       |       |   483 ||   483
Invok: Berserk           |       |       |     2 |     6 |     7 ||    15
       Brothers in Arms  |       |       |       |     1 |     2 ||     3
 Abil: Fly               |       |       |       |       |     1 ||     1
       Evoke Blink       |       |       |       |       |     1 ||     1
  Use: Potion            |       |       |     4 |     1 |     8 ||    13
       Scroll            |       |       |    22 |     6 |    11 ||    39
 Stab: Petrified         |       |       |       |       |     6 ||     6
  Eat: Chunk             |       |     4 |    11 |    20 |    22 ||    57
       Ration            |       |       |     1 |     2 |     2 ||     5
Armor: Animal skin       |     7 |       |       |       |       ||     7
       Chain mail        |    80 |    86 |   189 |       |       ||   355
       Plate armour      |       |       |    11 |   409 |   627 ||  1047
Dodge: Dodged            |    65 |    41 |   124 |   259 |   316 ||   805
